AoeStats
← Bibi-7711

Arena

508075600Analyzed
1v1 RM · 11d ago on Sep 20, 2026· 27m 21s· 2 players
Game mode
Random Map
Map size
Tiny (2 player)
Population
200
Speed
Normal
Resources
Standard
Victory
Conquest
Starting age
Dark Age
Ending age
Imperial Age
RankedLock teamsTeams togetherTeam positionsShared explorationLock speedFull tech treeHidden civsTurbo modeCheats
Victory
Defeat
🇪🇸 Franks · Spain
615
+15
🇧🇪 Bohemians · Belgium
594
-30
Bibi-7711
11:57 Feudal Age
14:04 Double-Bit Axe
19:56 Forging
19:39 Fletching
19:41 Man-at-Arms
20:29 Scale Mail Armor
20:30 Padded Archer Armor
25:12 Castle Age
26:42 Wheelbarrow
Kiyeko6099
12:17 Feudal Age
12:57 Double-Bit Axe
13:51 Wheelbarrow
14:07 Stone Mining
21:28 Castle Age
21:41 Gold Mining
22:35 Bow Saw
23:06 Gold Shaft Mining
25:22 Pikeman
27:36 Ballistics
Connection lost

Rejoining the realm…

Still unreachable

The connection could not be restored.

Session expired

The server has moved on; the page needs a fresh start.